[Event "*** Titled Tuesday 3|2 Blitz"]
[Site "Chess.com"]
[Date "2017.03.07"]
[Round "6"]
[White "Jadro9"]
[Black "AnthonyWirig"]
[Result "0-1"]
[WhiteElo "2395"]
[BlackElo "2556"]
[TimeControl "180+2"]
[EndTime "14:24:09 PST"]
[Termination "AnthonyWirig won on time"]

1. e4 c5 2. Nf3 e6 3. g3 Nc6 4.
Bg2 a6 5. O-O Nf6 6. Qe2 Be7 7.
Rd1 d5 8. exd5 exd5 9. d4 c4 10. b3 cxb3 11. axb3 O-O 12. c4 Bg4 13. Be3 Ne4 14.
h3 Bh5 15. g4 Bg6 16. Ne5 Nf6 17. Nc3 Nb4 18. Rd2 Rc8 19. Ra4 b5 20. Ra1 bxc4 21. bxc4 dxc4 22. d5 Bd3 23. Nxd3 cxd3 24. Rxd3 Nxd3 25.
Qxd3 Nd7 26. Rxa6 Nc5 27. Bxc5 Bxc5 28. Ne4 Bb6 29. d6 Rb8 30. d7 Qe7 31. Ra1 Rfd8 32.
Rd1 h6 33. Ng3 g6 34. Bc6 Qe5 0-1

[Event "*** Titled Tuesday 3|2 Blitz"]
[Site "Chess.com"]
[Date "2017.03.07"]
[Round "6"]
[White "escher"]
[Black "Tirantes"]
[Result "0-1"]
[WhiteElo "2066"]
[BlackElo "2231"]
[TimeControl "180+2"]
[EndTime "14:24:10 PST"]
[Termination "Tirantes won by checkmate"]

1. e4 e5 2. Nf3 Nc6 3. d4 exd4 4.
Nxd4 Bb4+ 5. c3 Bc5 6. Nxc6 bxc6 7. Bd3 d6 8. O-O Nf6 9. Kh1 O-O 10. Nd2 Re8 11.
Nb3 Bb6 12. Bg5 h6 13. Bxf6 Qxf6 14. f4 Qh4 15. Qe1 Qxe1 16. Raxe1 f6 17. Nd4 Bd7 18. Bc4+ Kh8 19. Nf3 Rab8 20. e5 d5 21. Bd3 Kg8 22. Bg6 Rf8 23. e6 Be8 24. e7 Bxg6 25. exf8=Q+ Kxf8 26. Nh4 Be4 27. f5 Bc5 28. b4 Bd6 29. Ng6+ Kf7 30.
Nf4 c5 31. bxc5 Bxc5 32. Ne2 Rb2 33. Ng3 Bxg2# 0-1

[Event "*** Titled Tuesday 3|2 Blitz"]
[Site "Chess.com"]
[Date "2017.03.07"]
[Round "6"]
[White "B-man"]
[Black "macko06"]
[Result "0-1"]
[WhiteElo "2481"]
[BlackElo "2341"]
[TimeControl "180+2"]
[EndTime "14:24:11 PST"]
[Termination "macko06 won by resignation"]

1. c4 c5 2. Nc3 Nc6 3. g3 g6 4.
Bg2 Bg7 5. e3 Nf6 6. Nge2 e5 7.
a3 O-O 8. b4 d6 9. Rb1 Qc7 10.
O-O Bd7 11. bxc5 dxc5 12. Nd5 Qc8 13. d4 exd4 14. exd4 Nxd5 15. Bxd5 cxd4 16. Nf4 Rb8 17. Nd3 Ne7 18. Bf4 Nxd5 19. cxd5 Ra8 20. Rc1 Qd8 21.
Re1 Bb5 22. d6 Rc8 23. Rxc8 Qxc8 24. Nb4 Bc4 25. h4 a5 26. Nc2 Qc5 27. Qd2 Bb5 28. Rc1 Qd5 29. Kh2 Bc6 30. Rg1 Re8 31. Ne1 b5 32.
Nd3 Bf8 33. Ne5 Rxe5 34. Bxe5 Qxe5 35. Rd1 Qe4 36. f4 Bxd6 0-1

[Event "*** Titled Tuesday 3|2 Blitz"]
[Site "Chess.com"]
[Date "2017.03.07"]
[Round "6"]
[White "1e41-0"]
[Black "Gabix_94"]
[Result "0-1"]
[WhiteElo "2333"]
[BlackElo "2512"]
[TimeControl "180+2"]
[EndTime "14:24:20 PST"]
[Termination "Gabix_94 won by checkmate"]

1. e4 c5 2. Nf3 d6 3. d4 cxd4 4.
Nxd4 Nf6 5. Nc3 Nc6 6. Bg5 Bd7 7.
f4 Rc8 8. Be2 h6 9. Bh4 g5 10.
fxg5 hxg5 11. Bxg5 Nxd4 12. Qxd4 Bg7 13. O-O-O Qa5 14.
Nd5 Nh5 15. Qb4 Qxa2 16. Nxe7 Rc5 17. Nf5 Bxf5 18. exf5 O-O 19. Bxh5 Rfc8 20. c3 Bxc3 21. Bxf7+ Kxf7 22. Qxb7+ R8c7 23. Rxd6 Bb4+ 24. Kd1 Qb3+ 25. Ke2 Rc2+ 26. Bd2 Rxb7 27. Rd3 Re7+ 28. Re3 Qxe3+ 29. Kd1 Qxd2# 0-1

[Event "*** Titled Tuesday 3|2 Blitz"]
[Site "Chess.com"]
[Date "2017.03.07"]
[Round "6"]
[White "ShimanovAlex"]
[Black "pKiLz5Rn9b"]
[Result "0-1"]
[WhiteElo "2637"]
[BlackElo "2559"]
[TimeControl "180+2"]
[EndTime "14:24:27 PST"]
[Termination "pKiLz5Rn9b won on time"]

1. d4 e6 2. Bf4 Nf6 3. e3 d5 4. Nd2 Bd6 5. Bg3 O-O 6. Ngf3 b6 7. Bd3 c5 8. c3 Ba6 9. Bc2 Nc6 10. Ne5 Qc7 11.
f4 Ne7 12. Qf3 Nf5 13. Bf2 Be7 14. Qh3 Nd6 15. Bh4 Nfe4 16. Bxe7 Qxe7 17. Nxe4 Nxe4 18. Bxe4 dxe4 19. O-O-O f6 20. Ng4 Bd3 21. Nf2 c4 22. Nxd3 cxd3 23. a3 b5 24. Kd2 a5 25. Ra1 b4 26.
Qh5 f5 27. Rhb1 Rab8 28. axb4 axb4 29. g3 Rfc8 30. Qd1 Rb7 31. Ra4 Rcb8 32. c4 b3 33. Rba1 Rd8 34. Qc1 Qf7 35. Qd1 Rc8 36. c5 h6 37. h4 Qg6 38. Qg1 Rbc7 39. Qf2 Qf6 40. Rb4 Rxc5 41. Kd1 Rc2 42. Qe1 Qg6 0-1

[Event "*** Titled Tuesday 3|2 Blitz"]
[Site "Chess.com"]
[Date "2017.03.07"]
[Round "6"]
[White "chito89"]
[Black "alekroth64"]
[Result "1-0"]
[WhiteElo "2536"]
[BlackElo "2270"]
[TimeControl "180+2"]
[EndTime "14:24:27 PST"]
[Termination "chito89 won by resignation"]

1. e4 e5 2. Nf3 Nc6 3. Bc4 Nf6 4.
d3 Bc5 5. c3 d6 6. O-O a6 7. a4 Ba7 8. b4 Be6 9. Nbd2 Bxc4 10.
Nxc4 Ne7 11. Be3 O-O 12. Bxa7 Rxa7 13. Re1 Ra8 14. Ne3 Qd7 15. Qb3 Ng4 16. Nxg4 Qxg4 17. h3 Qh5 18. d4 Ng6 19. c4 Nf4 20. Kh2 Kh8 21. Rad1 f5 22. dxe5 dxe5 23. Nxe5 fxe4 24. Ng4 Nd3 25. Rxe4 Nxf2 26. Nxf2 Rxf2 27. Rde1 Qg6 28.
Qg3 Rff8 29. Re7 Rac8 30. b5 axb5 31. axb5 Qxg3+ 32. Kxg3 h6 33. Rd7 Rf5 34. Ree7 Rg5+ 35.
Kh2 c6 36. b6 Rb8 37. Rxb7 Rxb7 38. Rxb7 Rc5 39. Rc7 Rxc4 40. b7 1-0

[Event "*** Titled Tuesday 3|2 Blitz"]
[Site "Chess.com"]
[Date "2017.03.07"]
[Round "6"]
[White "Chesstrainer1"]
[Black "FearlessKing64"]
[Result "1-0"]
[WhiteElo "2332"]
[BlackElo "2104"]
[TimeControl "180+2"]
[EndTime "14:24:29 PST"]
[Termination "Chesstrainer1 won by resignation"]

1. Nf3 Nf6 2. c4 g6 3. Nc3 d5 4. cxd5 Nxd5 5. e4 Nxc3 6. dxc3 Qxd1+ 7. Kxd1 Bg7 8. Bf4 c6 9. Kc2 Nd7 10. a4 Nc5 11. Nd2 O-O 12. Be3 Ne6 13. a5 Nc7 14. h4 Be6 15. h5 Rfd8 16. Nb3 Bxb3+ 17. Kxb3 Rd7 18. hxg6 hxg6 19. Bc4 Ne8 20. Rhd1 Rxd1 21. Rxd1 Nd6 22. Bd3 a6 23. f3 Rc8 24. Bc5 Be5 25. Kb4 Kg7 26. Bd4 Bxd4 27. cxd4 Ne8 28. Kc5 Rd8 29.
Bc2 Rd7 30. Bb3 Nc7 31. Kb6 Nb5 32. d5 cxd5 33. Rxd5 Nd6 34. e5 Nc8+ 35. Kc5 Rc7+ 36. Kb4 e6 37. Rc5 Rxc5 38. Kxc5 Kf8 39. Bc2 Ke7 40. Be4 Kd7 41. Bxb7 Ne7 42. Bxa6 Nc6 43. Bb5 1-0

[Event "*** Titled Tuesday 3|2 Blitz"]
[Site "Chess.com"]
[Date "2017.03.07"]
[Round "6"]
[White "pedromartinez91"]
[Black "NTBT_DHS"]
[Result "0-1"]
[WhiteElo "2340"]
[BlackElo "2549"]
[TimeControl "180+2"]
[EndTime "14:24:41 PST"]
[Termination "NTBT_DHS won by checkmate"]

1. Nf3 g6 2. g3 Bg7 3. Bg2 d6 4.
O-O Nf6 5. d4 O-O 6. c4 Nbd7 7.
Nc3 e5 8. Qc2 Re8 9. e4 exd4 10.
Nxd4 Nxe4 11. Nxe4 Bxd4 12. Bg5 f6 13. Qd2 c5 14. Be3 Qb6 15. Bxd4 cxd4 16. Rad1 f5 17. Ng5 Nf6 18. Qxd4 Qxd4 19. Rxd4 Re2 20. Rxd6 Kg7 21. Bf3 Re5 22. Rd8 h6 23. Nh3 g5 24.
Bd1 b6 25. f4 gxf4 26. Nxf4 Bb7 27. Rxa8 Bxa8 28. Bf3 Bxf3 29. Rxf3 Ng4 30. h3 Re1+ 31.
Kg2 Ne5 32. Ra3 a5 33. Kf2 Rb1 34. Rb3 Nxc4 35. Rb5 Rxb2+ 36. Rxb2 Nxb2 37. Ke3 b5 38. Kd4 b4 39. Ke5 a4 40. Kxf5 Nc4 41. Nd3 b3 42. axb3 axb3 43. g4 b2 44. Nxb2 Nxb2 45. h4 Nc4 46. h5 Nd6+ 47. Kf4 Kf6 48. g5+ hxg5+ 49. Kg4 Nf7 50. h6 Nxh6+ 51. Kh5 Kf5 52. Kxh6 g4 53. Kh5 g3 54. Kh4 g2 55. Kh3 g1=Q 56. Kh4 Qg4# 0-1

[Event "*** Titled Tuesday 3|2 Blitz"]
[Site "Chess.com"]
[Date "2017.03.07"]
[Round "6"]
[White "platy3"]
[Black "Fandorine"]
[Result "0-1"]
[WhiteElo "2583"]
[BlackElo "2638"]
[TimeControl "180+2"]
[EndTime "14:24:44 PST"]
[Termination "Fandorine won by resignation"]

1. e4 c5 2. Nf3 e6 3. d4 cxd4 4.
Nxd4 Nc6 5. Nc3 Qc7 6. f4 Nxd4 7. Qxd4 a6 8. Be3 b5 9. O-O-O Bb7 10. Be2 Rc8 11. a3 Nf6 12. Bd3 Bxa3 13. Nxb5 Bxb2+ 14. Kxb2 axb5 15. Qb4 Bc6 16. Ra1 d6 17. Ra7 Qb8 18.
Rha1 O-O 19. R1a6 Bb7 20. Rxd6 Bxe4 21. Bd4 Bxd3 22. cxd3 Nd5 23. Qa3 Rc7 24. Rxc7 Qxc7 25. Qc5 Qxc5 26. Bxc5 Nxf4 27. Rd4 Rc8 28. Bb6 Nd5 29.
Ba5 f5 30. Rh4 h6 31. Rh3 Kf7 32. Rf3 b4 33. d4 Ra8 0-1

[Event "*** Titled Tuesday 3|2 Blitz"]
[Site "Chess.com"]
[Date "2017.03.07"]
[Round "6"]
[White "Shivagami"]
[Black "DryCounty"]
[Result "0-1"]
[WhiteElo "1952"]
[BlackElo "2494"]
[TimeControl "180+2"]
[EndTime "14:24:52 PST"]
[Termination "DryCounty won on time"]

1. d4 Nf6 2. Bf4 Nh5 3. Bg5 h6 4. Bh4 g6 5. e3 Bg7 6. Be2 Nf6 7.
Nf3 O-O 8. Bg3 d6 9. h3 c5 10. c3 b6 11. O-O Ba6 12. Nbd2 Qc8 13. a4 Bxe2 14. Qxe2 Qa6 15. Qxa6 Nxa6 16. e4 cxd4 17. Nxd4 Rfc8 18. e5 dxe5 19. Bxe5 Nc5 20. Bg3 Nfe4 21.
Nxe4 Nxe4 22. Bh2 Bxd4 23. cxd4 e6 24. Rac1 Kf8 25. f3 Nf6 26. Bd6+ Ke8 27. Kf2 Kd7 28. Be5 Nd5 29. Ke2 a6 30. Kd2 b5 31. a5 Rxc1 32. Rxc1 Rc8 33. Rc5 h5 34. g4 f6 35. Bg3 Rh8 36.
Rc1 hxg4 37. hxg4 Rh3 38. Rg1 f5 39. gxf5 gxf5 40. Ke2 Rh7 41. Be5 Nb4 42. Rc1 Nc6 43. Bf4 Nxd4+ 44. Ke3 Nc6 45. Rd1+ Ke7 46. Rd6 Nb4 47.
Rb6 Nd5+ 48. Kd4 Rh4 0-1

[Event "*** Titled Tuesday 3|2 Blitz"]
[Site "Chess.com"]
[Date "2017.03.07"]
[Round "6"]
[White "MattyDPerrine"]
[Black "Abdodi"]
[Result "1-0"]
[WhiteElo "2217"]
[BlackElo "2018"]
[TimeControl "180+2"]
[EndTime "14:25:02 PST"]
[Termination "MattyDPerrine won by checkmate"]

1. Nf3 d5 2. g3 Nc6 3. d4 Nf6 4.
Bg2 Bf5 5. O-O e6 6. c4 dxc4 7.
Qa4 Be7 8. Ne5 O-O 9. Nxc6 bxc6 10. Qxc4 Be4 11. Nc3 Bxg2 12. Kxg2 Nd5 13. Qxc6 Nb4 14.
Qe4 Bf6 15. Rd1 Rb8 16. a3 Nd5 17. Qc2 Qc8 18. Nxd5 exd5 19. b4 a5 20. Rb1 axb4 21.
axb4 Be7 22. Bf4 Rb7 23. Qc6 Rxb4 24. Rxb4 Bxb4 25. Qxd5 c6 26. Qc4 Be7 27. Rc1 Qd7 28. h4 h6 29. Be5 Rc8 30. d5 c5 31. e4 Ra8 32. Rb1 Ra4 33. Rb8+ Kh7 34. Qc2 Qa7 35. Rc8 Ra2 36. Qd3 c4 37. Qf3 Bc5 38. Qf5+ g6 39.
Rh8# 1-0

[Event "*** Titled Tuesday 3|2 Blitz"]
[Site "Chess.com"]
[Date "2017.03.07"]
[Round "6"]
[White "Vegan4future"]
[Black "quesfr"]
[Result "0-1"]
[WhiteElo "2250"]
[BlackElo "2149"]
[TimeControl "180+2"]
[EndTime "14:25:03 PST"]
[Termination "quesfr won by resignation"]

1. e4 e6 2. Nf3 d5 3. Nc3 d4 4. Ne2 c5 5. Ng3 Nc6 6. Bb5 Bd6 7. O-O e5 8. d3 Ne7 9. Nh4 Be6 10.
Bxc6+ Nxc6 11. Nhf5 Bxf5 12. Nxf5 Qf6 13. Nxd6+ Qxd6 14. f4 O-O 15. f5 f6 16. Bd2 b5 17. b3 c4 18. bxc4 bxc4 19. Qg4 Rab8 20. Bh6 Rf7 21. Rab1 Rfb7 22. Rb5 Qf8 23. Rd5 cxd3 24. cxd3 Nb4 25. Ra5 Nxd3 26. h4 Qb4 27. Ra6 Kh8 28. Qf3 Qc4 29.
Ra3 Nb4 30. Bd2 Nc2 31. Ra6 Qxa6 32. h5 Rb1 33. Rxb1 Rxb1+ 34. Kh2 Qf1 35. Qg4 Qg1+ 36. Kh3 Ne1 37. h6 Qh1+ 38. Kg3 Qxg2+ 39. Kh4 Nf3+ 40. Qxf3 Rh1+ 0-1

[Event "*** Titled Tuesday 3|2 Blitz"]
[Site "Chess.com"]
[Date "2017.03.07"]
[Round "6"]
[White "GrigorGrigorov"]
[Black "johnathan113"]
[Result "0-1"]
[WhiteElo "2544"]
[BlackElo "2401"]
[TimeControl "180+2"]
[EndTime "14:25:05 PST"]
[Termination "johnathan113 won by resignation"]

1. e4 c5 2. Nf3 g6 3. Bc4 Nc6 4. d3 Bg7 5. O-O d6 6. h3 Nf6 7. c3 O-O 8. Re1 Rb8 9. a4 a6 10.
d4 b5 11. axb5 axb5 12. Bf1 Nd7 13. Be3 b4 14. Nbd2 Bb7 15. Bd3 Ra8 16. Qe2 Qc7 17. Bb5 Rxa1 18. Rxa1 Ra8 19. Qd1 Qb6 20. Rxa8+ Bxa8 21. Qa4 Ndb8 22. dxc5 dxc5 23. cxb4 Nd4 24. bxc5 Qxb5 25.
Qxa8 Nc6 26. b3 h6 27. Qa4 Qe2 28. Qc4 Qd1+ 29. Kh2 Nd7 30. b4 Nde5 31. Nxe5 Bxe5+ 32. f4 Qe1 33. Nf1 Bb8 34. b5 Na5 35. Qc1 Qb4 36.
c6 Nc4 37. b6 Nxe3 38. c7 Nxf1+ 39. Kg1 Qxb6+ 40. Kxf1 Qxc7 0-1

[Event "*** Titled Tuesday 3|2 Blitz"]
[Site "Chess.com"]
[Date "2017.03.07"]
[Round "6"]
[White "mwpchess"]
[Black "jcgs1030"]
[Result "0-1"]
[WhiteElo "2389"]
[BlackElo "2289"]
[TimeControl "180+2"]
[EndTime "14:25:06 PST"]
[Termination "jcgs1030 won on time"]

1. e4 c5 2. Nf3 d6 3. Bb5+ Bd7 4.
Bxd7+ Qxd7 5. c4 Nc6 6. d4 cxd4 7. Nxd4 Nf6 8. Nc3 g6 9. Be3 Bg7 10.
f3 O-O 11. Rc1 Rac8 12. b3 e6 13. O-O d5 14. exd5 exd5 15. c5 Rfe8 16. Bf2 Bh6 17. Rb1 Be3 18. Bxe3 Rxe3 19. Na4 Rce8 20. Rb2 Nh5 21.
Rd2 Nf4 22. Nxc6 bxc6 23. Kh1 Qf5 24. Nb2 Re2 25. Rg1 Rxd2 26. Qxd2 Re2 27. Qd4 Qc2 28. Qxf4 Qxb2 29. h4 Qxa2 30. h5 Qd2 31. Qh4 Qh6 32.
g4 Qf4 33. Qh3 Rf2 34. Rg3 g5 35. h6 a5 36. Qh5 Rxf3 37. Rxf3 Qxf3+ 38. Kh2 Qf2+ 39. Kh1 Qf1+ 40. Kh2 Qf4+ 41. Kh3 Kf8 42. Kg2 Qe4+ 43.
Kf2 Qc2+ 44. Kf1 Qd1+ 45. Kf2 Qd2+ 46. Kf1 Qf4+ 47. Ke2 Ke7 48. Qh3 d4 49. Kd3 Ke6 50. Kc4 Qe4 51. Qg3 d3+ 52. Kc3 Qb4+ 0-1

[Event "*** Titled Tuesday 3|2 Blitz"]
[Site "Chess.com"]
[Date "2017.03.07"]
[Round "6"]
[White "Vrolijk"]
[Black "Gordima"]
[Result "0-1"]
[WhiteElo "2306"]
[BlackElo "2485"]
[TimeControl "180+2"]
[EndTime "14:25:13 PST"]
[Termination "Gordima won by resignation"]

1. d4 Nf6 2. c4 g6 3. Nc3 Bg7 4. e4 O-O 5. f3 d6 6. Nge2 a6 7. Be3 Nbd7 8. Qd2 e5 9. Ng3 h5 10. Be2 h4 11. Nf1 exd4 12. Bxd4 Ne5 13. Bf2 Nh5 14. g3 Kh7 15. g4 Bh6 16. Be3 Bxe3 17.
Qxe3 Ng7 18. h3 g5 19. O-O-O Ne6 20. Nd5 b5 21. f4 gxf4 22. Nxf4 Qg5 23. Nxe6 Qxe3+ 24.
Nxe3 fxe6 25. Rhf1 Bb7 26. cxb5 axb5 27. Rxf8 Rxf8 28.
Bxb5 Bxe4 29. Rf1 Rb8 30. a4 c6 31. Be2 Kg7 32. Rf4 d5 33. Nc2 c5 34. a5 Ra8 35.
a6 Bd3 36. Bd1 Bxa6 37. Ra4 Bb7 38. Rxa8 Bxa8 39. Kd2 Kf6 40. b4 cxb4 41. Nxb4 Ng6 42. Ke3 e5 43. Nd3 d4+ 44. Kf2 e4 45. Ne1 Nf4 46. Nc2 Nxh3+ 47. Kf1 Ke5 48. g5 Nxg5 49. Bg4 Kf4 50. Bc8 d3 0-1

[Event "*** Titled Tuesday 3|2 Blitz"]
[Site "Chess.com"]
[Date "2017.03.07"]
[Round "6"]
[White "ZapataCharlesS"]
[Black "SavelijTartakover"]
[Result "1-0"]
[WhiteElo "2653"]
[BlackElo "2578"]
[TimeControl "180+2"]
[EndTime "14:25:15 PST"]
[Termination "ZapataCharlesS won by checkmate"]

1. d4 Nf6 2. Nf3 g6 3. g3 Bg7 4.
Bg2 O-O 5. O-O d6 6. a4 Na6 7. Nc3 c5 8. e4 cxd4 9. Nxd4 Nc5 10. Re1 Bd7 11. h3 Rc8 12. a5 a6 13. Be3 e5 14.
Nb3 Nxb3 15. cxb3 Bc6 16. Re2 Qe7 17. Rd2 Rfd8 18. Rc1 h5 19. Bg5 Kh7 20. b4 Bh6 21. Bxh6 Kxh6 22. Qe1 Kg7 23. Rcd1 h4 24. Qe3 hxg3 25.
fxg3 Nh5 26. h4 Qe6 27. Kh2 Qc4 28. Bh3 Rb8 29. Rf1 Qxb4 30. Rdf2 Rf8 31. Bg4 Qd4 32. Qc1 Bxe4 33. Bxh5 Bd3 34. Be2 Bxe2 35. Nxe2 Qd5 36. Nc3 Qxa5 37. Qg5 Qd8 38. Rf6 b5 39. Nd5 b4 40. h5 Qa5 41. Rxg6+ fxg6 42. Qxg6+ Kh8 43. Qh6+ Kg8 44. Ne7# 1-0

[Event "*** Titled Tuesday 3|2 Blitz"]
[Site "Chess.com"]
[Date "2017.03.07"]
[Round "6"]
[White "Ginger_GM"]
[Black "wnstop"]
[Result "1-0"]
[WhiteElo "2503"]
[BlackElo "2455"]
[TimeControl "180+2"]
[EndTime "14:25:15 PST"]
[Termination "Ginger_GM won by checkmate"]

1. d4 Nf6 2. c4 g6 3. Nc3 Bg7 4.
e4 O-O 5. h4 d6 6. h5 Nxh5 7.
Be2 Nf6 8. Bg5 c5 9. d5 e6 10. Qd2 exd5 11. e5 dxe5 12. cxd5 Qd6 13. Bh6 Bxh6 14.
Qxh6 Re8 15. Nf3 Qf8 16. Qh4 Nbd7 17. Ng5 Qg7 18. O-O-O a6 19. d6 b5 20. Bf3 Rb8 21.
Bc6 h5 22. Nd5 Rd8 23. Ne7+ Kf8 24. f3 Bb7 25. g4 Qh6 26. Kb1 Kg7 27. gxh5 Nxh5 28.
Rdg1 Ndf6 29. Bxb7 Rxb7 30. Ne4 Kf8 31. Nxf6 Qe3 32.
Qxh5 Rxd6 33. Nxg6+ fxg6 34. Qh8+ Ke7 35. Ne4 Kd7 36. Nxd6 Kxd6 37. Rd1+ Kc6 38. Qf6+ Kc7 39. Rh7+ Kb8 40. Rxb7+ Kxb7 41. Rd7+ Kc8 42. Qd8# 1-0

[Event "*** Titled Tuesday 3|2 Blitz"]
[Site "Chess.com"]
[Date "2017.03.07"]
[Round "6"]
[White "GeorgMeier"]
[Black "Matibar"]
[Result "0-1"]
[WhiteElo "2717"]
[BlackElo "2573"]
[TimeControl "180+2"]
[EndTime "14:25:20 PST"]
[Termination "Matibar won by resignation"]

1. Nf3 d5 2. g3 Nc6 3. d4 Bf5 4.
Bg2 Nb4 5. Na3 e6 6. O-O Nf6 7.
c3 Nc6 8. Qb3 Rb8 9. Ne5 Nxe5 10.
dxe5 Nd7 11. Qa4 c6 12. Be3 a5 13. c4 Bb4 14. cxd5 b5 15. Qd1 cxd5 16. Nc2 Bxc2 17.
Qxc2 O-O 18. Bd4 Rc8 19. Qd3 Bc5 20. e3 Qb6 21. Rfc1 Rc7 22. Bf1 Rb8 23. Qd2 Rbc8 24. h4 Bxd4 25. Rxc7 Qxc7 26. exd4 Qb6 27. a4 b4 28. Bb5 Nf8 29. Kg2 h6 30. h5 Qc7 31.
Bd3 Qb6 32. f4 Kh8 33. Bb5 Qc7 34. Bd3 Qb6 35. Be2 b3 36. Bd1 Rc4 37. Qe3 Rxd4 38. Bxb3 Qb4 39. Rf1 Re4 40. Qc3 Re2+ 41. Rf2 Qe4+ 42.
Kf1 Re3 0-1

[Event "*** Titled Tuesday 3|2 Blitz"]
[Site "Chess.com"]
[Date "2017.03.07"]
[Round "6"]
[White "DrVelja"]
[Black "plouarzel"]
[Result "0-1"]
[WhiteElo "2498"]
[BlackElo "2357"]
[TimeControl "180+2"]
[EndTime "14:25:20 PST"]
[Termination "plouarzel won by resignation"]

1. e4 e5 2. Nf3 Nc6 3. d4 exd4 4.
Nxd4 Nf6 5. Nxc6 bxc6 6. e5 Qe7 7. Qe2 Nd5 8. h4 a5 9. Nd2 a4 10. Nf3 Ba6 11. c4 Nb6 12. b3 d5 13. exd6 cxd6 14.
Bb2 d5 15. Qxe7+ Bxe7 16. cxd5 Bb4+ 17. Kd1 Bxf1 18. Rxf1 O-O-O 19. Kc2 Nxd5 20. Rad1 a3 21. Bd4 Rhe8 22. Ng1 Kb7 23. g3 Re4 24. Bxg7 Rde8 25.
Rd4 f6 26. Rxe4 Rxe4 27. Bh6 Nc3 28. Bd2 Nd5 29. Nf3 Re2 30. Kd3 Re8 31. Bxb4 Nxb4+ 32. Kc4 Nxa2 33. Nd4 c5 34. Nf5 Re2 35. Kxc5 Nc3 36. Nd4 Rd2 37. Kb4 Nd1 38. Nb5 a2 39. Nc3 a1=Q 40.
Nxd1 Rxd1 41. Rxd1 Qxd1 0-1

[Event "*** Titled Tuesday 3|2 Blitz"]
[Site "Chess.com"]
[Date "2017.03.07"]
[Round "6"]
[White "Grebeniuk-S"]
[Black "DeviatkinAndrey"]
[Result "0-1"]
[WhiteElo "2422"]
[BlackElo "2531"]
[TimeControl "180+2"]
[EndTime "14:25:21 PST"]
[Termination "DeviatkinAndrey won by resignation"]

1. d4 c6 2. c4 d5 3. cxd5 cxd5 4.
Bf4 Nc6 5. e3 Nf6 6. Nc3 Bg4 7. f3 Bd7 8. Bd3 g6 9. Nge2 Bg7 10. O-O O-O 11. Rc1 a6 12. Na4 Re8 13. Nc5 Bc8 14. Nxa6 Nh5 15. Nc5 Nxf4 16. Nxf4 e5 17.
dxe5 Rxe5 18. Bb1 Rxe3 19. Nxd5 Re8 20. Nf4 Bxb2 21. Rc2 Bd4+ 22. Kh1 Bf5 23. Ncd3 Re3 24. Rd2 Bc3 25. Re2 Qd4 26. Rxe3 Qxe3 27. Nd5 Qd4 28. Nxc3 Qxc3 29. Nf4 Rd8 30. Qe2 Nd4 31. Qe5 Qc4 32. Rd1 Bxb1 33. Rxb1 Nc6 34. Qe1 Qxf4 35. Rxb7 Qd2 36.
Qxd2 Rxd2 37. h4 Rxa2 38. Rc7 Nd4 39. Rd7 Nf5 40. h5 Ng3+ 41. Kh2 Nxh5 42. Kh3 Nf4+ 43.
Kg3 Nxg2 0-1

[Event "*** Titled Tuesday 3|2 Blitz"]
[Site "Chess.com"]
[Date "2017.03.07"]
[Round "6"]
[White "GMHess"]
[Black "Smirnov_Pavel"]
[Result "1-0"]
[WhiteElo "2590"]
[BlackElo "2640"]
[TimeControl "180+2"]
[EndTime "14:25:23 PST"]
[Termination "GMHess won by resignation"]

1. d4 d5 2. Nf3 Nf6 3. c4 e6 4.
Nc3 c6 5. e3 Nbd7 6. Qb3 Bd6 7.
Be2 O-O 8. O-O dxc4 9. Bxc4 b5 10. Be2 Bb7 11. e4 e5 12. Rd1 Qc7 13. dxe5 Nxe5 14. Nd4 Neg4 15. h3 b4 16. hxg4 bxc3 17. Bf3 Bh2+ 18. Kh1 Be5 19. g5 c5 20. Nb5 Qc6 21.
gxf6 Qxf6 22. Nxc3 Qh4+ 23. Kg1 Qh2+ 24. Kf1 Ba6+ 25.
Nb5 Rab8 26. a4 c4 27. Qxc4 Rfc8 28. Qb3 h5 29. Be3 Rb7 30. Rac1 Rcb8 31. Rd5 Bf6 32.
Rxh5 Qd6 33. Kg1 Qe7 34. Qd3 g6 35. Rd5 Bxb2 36. Rd1 Bg7 37. Bf4 Re8 38. Rd7 Rxd7 39. Qxd7 Bf6 40. Qxe7 Rxe7 41. Nc7 Bc4 42. Nd5 Bxd5 43.
exd5 Rd7 44. d6 1-0

[Event "*** Titled Tuesday 3|2 Blitz"]
[Site "Chess.com"]
[Date "2017.03.07"]
[Round "6"]
[White "Yaacovn"]
[Black "Dr-Bassem"]
[Result "0-1"]
[WhiteElo "2584"]
[BlackElo "2636"]
[TimeControl "180+2"]
[EndTime "14:25:24 PST"]
[Termination "Dr-Bassem won by checkmate"]

1. d4 Nf6 2. Nf3 g6 3. c4 Bg7 4. Nc3 O-O 5. g3 d6 6. Bg2 Nbd7 7. O-O e5 8. b3 Re8 9. e3 c6 10. Ba3 e4 11. Nd2 d5 12. Qc2 a6 13. Rac1 Nf8 14. cxd5 cxd5 15. Na4 b5 16. Bxf8 Bxf8 17. Nc5 h5 18. b4 h4 19. a4 hxg3 20. hxg3 Ng4 21. Rfd1 Qg5 22. Nf1 Nf6 23. Ra1 Bg4 24. Rdc1 Rac8 25.
axb5 axb5 26. Ra5 Kg7 27. Rxb5 Bd6 28. Nh2 Rh8 29. Nxg4 Nxg4 30. Rb7 Rxc5 31. dxc5 Bxg3 32. Kf1 Qf6 33. Qc3 Be5 34. Qd2 Rh2 35. Rc2 Rxg2 36. Kxg2 Qf3+ 37. Kg1 Qh3 38. f4 exf3 39. Rxf7+ Kxf7 40.
Qxd5+ Kg7 41. Qd7+ Kh6 42. Qd8 Bh2+ 43. Kh1 Qf1# 0-1

[Event "*** Titled Tuesday 3|2 Blitz"]
[Site "Chess.com"]
[Date "2017.03.07"]
[Round "6"]
[White "ChadaevNikolay"]
[Black "kikydu96"]
[Result "1-0"]
[WhiteElo "2599"]
[BlackElo "2316"]
[TimeControl "180+2"]
[EndTime "14:25:28 PST"]
[Termination "ChadaevNikolay won by resignation"]

1. d4 d5 2. c4 c6 3. e3 Nf6 4. Nc3 a6 5. Nf3 Bf5 6. cxd5 cxd5 7.
Qb3 Ra7 8. Bd2 e6 9. Rc1 Nc6 10. Be2 Bd6 11. O-O O-O 12. h3 h6 13. Na4 Ne4 14. Nc5 Nxc5 15. dxc5 Bc7 16. Bc3 Qe7 17. Qd1 Rd8 18. Nd4 Bg6 19. Nxc6 bxc6 20. Bd3 Bxd3 21. Qxd3 e5 22. e4 d4 23. Bd2 Rb8 24. b3 a5 25.
f4 exf4 26. Bxf4 Bxf4 27. Rxf4 a4 28. Qxd4 axb3 29. axb3 Rxb3 30. Rcf1 Qe6 31. Rg4 g6 32. Rf6 Rd7 33. Qa1 Rb1+ 34. Qxb1 Qxf6 35. Qb8+ Kg7 36.
Kh2 Rd1 37. Rf4 Qa1 38. Qe8 Rh1+ 39. Kg3 Qe1+ 40. Rf2 Qe3+ 41. Rf3 Qg5+ 42. Kf2 Qd2+ 43. Kg3 Qe1+ 44. Kg4 h5+ 45. Kf4 Qd2+ 46. Ke5 Qc3+ 47. Rxc3 1-0

[Event "*** Titled Tuesday 3|2 Blitz"]
[Site "Chess.com"]
[Date "2017.03.07"]
[Round "6"]
[White "PlotnikovPavel"]
[Black "Tash_Boy"]
[Result "0-1"]
[WhiteElo "2312"]
[BlackElo "2509"]
[TimeControl "180+2"]
[EndTime "14:25:29 PST"]
[Termination "Tash_Boy won by resignation"]

1. Nf3 Nf6 2. c4 g6 3. e3 Bg7 4. b3 O-O 5. Bb2 d6 6. d4 Nbd7 7. Be2 e5 8. dxe5 Ng4 9. Nbd2 Ndxe5 10. Nxe5 Nxe5 11. Qc2 Bf5 12. e4 Be6 13. Nf3 f5 14.
Nxe5 dxe5 15. Rd1 Qg5 16. O-O f4 17. f3 c5 18. Rd2 Bh3 19. Bd1 Rad8 20. Rff2 h5 21.
Kh1 Be6 22. Bc3 Qh4 23. Kg1 Rxd2 24. Bxd2 Rd8 25. Be1 Rd4 26. Re2 Qd8 27. Rd2 g5 28.
Rxd4 exd4 29. Be2 Be5 30. Bd3 g4 31. Qf2 g3 32. Qd2 h4 33. h3 Kf7 34. Qa5 Qc8 35. Bf1 a6 36. Qb6 Qc7 37. Qa7 Ke7 38. Bd3 Kd7 39.
Kf1 Qb8 40. Qxc5 Qc7 41. Qxc7+ Kxc7 42. Ke2 Kc6 43. Kd2 b5 44. cxb5+ axb5 45. Kc2 Bd6 46.
Bf1 Ba3 47. Kd3 Kc5 48. Bf2 Bb2 49. b4+ Kxb4 50. Be1+ Bc3 51. Bxc3+ dxc3 52. e5 Bxa2 53. Kc2 Bb3+ 54. Kc1 Be6 55. Kc2 Bf5+ 56. Kc1 Kc5 57.
Be2 b4 0-1

[Event "*** Titled Tuesday 3|2 Blitz"]
[Site "Chess.com"]
[Date "2017.03.07"]
[Round "6"]
[White "afgano29"]
[Black "PaulfromSPb"]
[Result "0-1"]
[WhiteElo "2416"]
[BlackElo "2540"]
[TimeControl "180+2"]
[EndTime "14:25:31 PST"]
[Termination "PaulfromSPb won by resignation"]

1. d4 Nf6 2. c4 e6 3. Nf3 b6 4. a3 Ba6 5. Qc2 c5 6. e4 cxd4 7. e5 Ng8 8. Nxd4 Nc6 9. Nxc6 dxc6 10.
Be2 Qc7 11. Bf4 Ne7 12. Bg3 Nf5 13. O-O Nxg3 14. hxg3 Qxe5 15. Bf3 Bb7 16. Nc3 Be7 17. Rfd1 Qc7 18. c5 Bxc5 19. b4 Be7 20. Nb5 Qc8 21. Nd6+ Bxd6 22. Rxd6 O-O 23. Rad1 c5 24. Bxb7 Qxb7 25.
bxc5 bxc5 26. Qxc5 Rac8 27. Qa5 Qc7 28. Qa4 a5 29. Rd7 Qc5 30. Rb7 Ra8 31. Rdd7 g6 32.
Qf4 Qf5 33. Qxf5 gxf5 34. Ra7 Rxa7 35. Rxa7 Rb8 36. Rxa5 Rb1+ 37. Kh2 Rb2 38. f3 Kg7 39. Ra7 Ra2 40. Kh3 Kg6 41. g4 f4 42. a4 Ra1 43.
Kh2 f6 44. a5 h5 45. gxh5+ Kxh5 46. a6 Kg6 47. Ra8 e5 48. Ra7 f5 49. Re7 Kf6 50.
Rh7 e4 51. Rh6+ Kg5 52. Re6 e3 53. Re8 Rxa6 54. Rg8+ Rg6 55. Re8 Rh6+ 56. Kg1 Rd6 57. Kh2 Rd1 58. Re6 Rd2 59. Re8 Kf6 60. Kh3 Ra2 61.
Kh2 Ra6 62. Kg1 Re6 63. Rf8+ Ke7 64. Ra8 e2 65. Ra7+ Kf6 0-1